 Dungeon Crawl Stone Soup version 0.20.0 (webtiles) character file.

3763 Llamajah the Shield-Bearer (level 10, 0/79 HPs)
             Began as a Formicid Fighter on June 19, 2017.
             Was an Elder of Okawaru.
             Killed by the air
             ... invoked by Gastronok
              (33 damage)
             ... on level 8 of the Dungeon.
             The game lasted 00:19:25 (6536 turns).

Llamajah the Shield-Bearer (Formicid Fighter)       Turns: 6536, Time: 00:19:26

Health: 0/79       AC: 14    Str: 25    XL:     10   Next: 38%
Magic:  11/12      EV: 16    Int:  7    God:    Okawaru [****..]
Gold:   238        SH: 13    Dex: 10    Spells: 9/9 levels left

rFire    + . .     SeeInvis +   E - +2 battleaxe
rCold    . . .     Gourm    .   c - +0 shield
rNeg     + . .     Faith    .   y - +4 scale mail {rF+}
rPois    +         Spirit   .   (helmet unavailable)
rElec    .         Reflect  .   (no cloak)
rCorr    .         Harm     .   D - +0 pair of gloves
MR       +....                  (no boots)
Stlth    +.........             (no amulet)
Regen    0.3/turn               x - ring of poison resistance
MPRegen  0.2/turn               b - ring of positive energy

@: heroism
A: permanent stasis, dig shafts and tunnels, four strong arms, antennae 3
a: Dig, Shaft Self, Heroism, Renounce Religion


You were on level 8 of the Dungeon.
You worshipped Okawaru.
Okawaru was greatly pleased with you.
You were not hungry.

You visited 1 branch of the dungeon, and saw 8 of its levels.

You collected 462 gold pieces.
You spent 224 gold pieces at shops.

Inventory:

Hand Weapons
 t - a +1 war axe of holy wrath
 E - a +2 battleaxe (weapon)
Armour
 c - a +0 shield (worn)
 v - a +1 ring mail of positive energy
 y - a +4 scale mail of fire resistance (worn)
 D - a +0 pair of gloves (worn)
 H - a +4 plate armour
Jewellery
 b - a ring of positive energy (right hand)
 x - a ring of poison resistance (left hand)
Wands
 p - a wand of enslavement (5/24)
Scrolls
 a - a scroll of blinking {unknown}
 i - 3 scrolls of fear {unknown}
 j - 8 scrolls of identify {unknown}
 k - a scroll of amnesia {unknown}
 m - a scroll of immolation {unknown}
 n - 3 scrolls of recharging {unknown}
 o - a scroll of fog {unknown}
 s - 10 scrolls of remove curse {unknown}
 u - 7 scrolls of teleportation {unknown}
 w - a scroll of enchant armour {unknown}
Potions
 e - 2 potions of lignification {unknown}
 g - 4 potions of flight {unknown}
 h - 3 potions of resistance {unknown}
 l - 4 potions of curing {unknown}
 q - a potion of mutation {unknown}
 r - 2 potions of heal wounds {unknown}
 A - a potion of magic {unknown}
 B - 2 potions of berserk rage {unknown}
 F - 2 potions of haste {unknown}
Comestibles
 d - 6 royal jellies
 f - 11 bread rations
 z - 7 fruits
 C - 4 meat rations
 G - a chunk of flesh


   Skills:
 + Level 7.2(12.2) Fighting
 + Level 5.7(10.7) Axes
 + Level 7.3(12.3) Armour
 * Level 7.3(12.3) Dodging
 + Level 7.7(12.7) Shields
 + Level 3.0 Invocations


You had 9 spell levels left.
You didn't know any spells.

Dungeon Overview and Level Annotations

Branches:
Dungeon (8/15)             Temple (0/1) D:5
   Lair: D:8-11

Altars:
Ashenzari
Nemelex Xobeh
Okawaru
Qazlal
Sif Muna
Uskayaw
Yredelemnul
Zin

Shops:
D:5 [   D:7 %[[:(

Annotations:
D:8 Gastronok


Innate Abilities, Weirdness & Mutations

You cannot be hasted, slowed, berserked, paralysed or teleported.
You can dig through walls and to a lower floor.
Your four strong arms can wield two-handed weapons with a shield.
You have a pair of large antennae on your head. (SInv)


Message History

You slash Gastronok!
Gastronok is heavily wounded.
You slash Gastronok!
Gastronok is heavily wounded.
Gastronok bites you!!
You slash Gastronok!
Gastronok is severely wounded.
You hit Gastronok.
Gastronok is severely wounded.
Gastronok glows a brilliant shade of cerise.
You hit Gastronok.
Gastronok is severely wounded.
You block Gastronok's attack.
You slash Gastronok!
Gastronok is severely wounded.
You slice Gastronok!!
Gastronok is almost dead.
Gastronok waves his eye-stalks in wide circles.
The air twists around and strikes you!
You die...

....... .......
.###.#### ....... {
........ .......
###..##. .......
#......< .......
#.#.#.##
.......###+##+###.#.....
...............##.#.#...
......w@.......##.###...
#####..........##.....#.
+......)...##...###.
#.....)....'....'...
........)....##...####
.............##...#
#.._..........##...#
#.............##.(.#
.............##...#


You could see Gastronok.

Vanquished Creatures
  The ghost of Llamajah the Shield-Bearer, a novice FoFi of Okawaru (D:5)
  Grinder (D:6)
  A hornet (D:7)
  A yak (D:7)
  A human (D:7)
  3 hogs (D:7)
  Menkaure (D:6)
  2 water moccasins
  An ice beast (D:6)
  3 ogres
  A phantom (D:7)
  A sky beast (D:7)
  A centaur (D:7)
  A bullfrog (D:6)
  4 scorpions
  5 wights (D:7)
  4 crimson imps
  2 orc priests
  A gnoll shaman (D:4)
  2 hounds
  A bullfrog skeleton (D:5)
  4 orc wizards
  4 worker ants
  2 hound skeletons
  A worker ant zombie (D:5)
  13 adders
  8 gnolls
  An adder skeleton (D:7)
  An adder zombie (D:5)
  A worm (D:2)
  3 dart slugs
  5 leopard geckos
  24 orcs
  5 giant cockroaches
  7 goblins
  3 hobgoblins
  5 jackals
  A quokka (D:7)
  9 bats
  6 frilled lizards
  A jackal zombie (D:7)
  5 kobolds
  A leopard gecko skeleton (D:4)
  A quokka zombie (D:7)
  8 rats
157 creatures vanquished.

Notes
Turn   | Place    | Note
-------+----------+-------------------------------------------
     0 | D:1      | Llamajah the Formicid Fighter began the quest for the Orb.
     0 | D:1      | Reached XP level 1. HP: 18/18 MP: 1/1
    16 | D:1      | Reached XP level 2. HP: 23/24 MP: 2/2
   190 | D:1      | Reached XP level 3. HP: 29/29 MP: 3/3
   580 | D:2      | Reached skill level 1 in Dodging
   607 | D:2      | Found an iron altar of Okawaru.
   611 | D:2      | Reached XP level 4. HP: 36/37 MP: 4/4
   620 | D:2      | Became a worshipper of Warmaster Okawaru
  1080 | D:2      | Reached XP level 5. HP: 37/42 MP: 5/5
  2163 | D:4      | Reached XP level 6. HP: 39/48 MP: 6/6
  2786 | D:4      | Noticed an ogre
  2799 | D:4      | Killed an ogre
  2799 | D:4      | Reached * piety under Okawaru
  2799 | D:4      | Reached XP level 7. HP: 55/55 MP: 7/7
  2833 | D:4      | Found a basalt altar of Yredelemnul.
  2986 | D:4      | Reached skill level 5 in Shields
  3394 | D:5      | Entered Level 5 of the Dungeon
  3516 | D:5      | Reached skill level 5 in Fighting
  3516 | D:5      | Reached skill level 5 in Armour
  3534 | D:5      | Found a staircase to the Ecumenical Temple.
  3634 | D:5      | Reached XP level 8. HP: 60/62 MP: 8/8
  3651 | D:5      | Found a glowing silver altar of Zin.
  3840 | D:5      | Noticed Llamajah's ghost (novice FoFi)
  3847 | D:5      | Killed Llamajah's ghost
  3899 | D:5      | Found Gaur's Antique Armour Emporium.
  3962 | D:5      | Reached ** piety under Okawaru
  4095 | D:5      | Found a shattered altar of Ashenzari.
  4181 | D:5      | Bought a glowing scale mail for 224 gold pieces
  4239 | D:6      | Found a hide-covered altar of Uskayaw.
  4248 | D:6      | Reached skill level 5 in Dodging
  4248 | D:6      | Reached XP level 9. HP: 63/69 MP: 9/9
  4632 | D:6      | Noticed Menkaure
  4637 | D:6      | Killed Menkaure
  4918 | D:6      | Noticed Grinder
  5038 | D:6      | Killed Grinder
  5038 | D:6      | Reached skill level 5 in Axes
  5250 | D:7      | Found Engul's Book Emporium.
  5309 | D:7      | Reached *** piety under Okawaru
  5432 | D:7      | Reached skill level 1 in Invocations
  5439 | D:7      | Reached XP level 10. HP: 47/77 MP: 9/11
  5679 | D:7      | Found Omyny's Armour Shop.
  5693 | D:7      | Found Eroi's Armour Shoppe.
  5757 | D:7      | Found Axky's Food Emporium.
  5801 | D:7      | Reached **** piety under Okawaru
  6247 | D:7      | Found a sparkling altar of Nemelex Xobeh.
  6248 | D:7      | Found a stormy altar of Qazlal.
  6346 | D:7      | Found Rem Juakh's Weapon Boutique.
  6506 | D:8      | Found a deep blue altar of Sif Muna.
  6517 | D:8      | Noticed Gastronok
  6536 | D:8      | Killed from afar by Gastronok

Skill      XL: |  1  2  3  4  5  6  7  8  9 10 |
---------------+-------------------------------+-----
Dodging        | 1 2 3 5 6 7 |  7.3
Shields        | 4 5 6 7 |  7.7
Fighting       | 4 5 6 7 |  7.2
Armour         | 4 5 6 7 |  7.3
Axes           | 3 4 5 |  5.7
Invocations    | 1 3 |  3.0

Action                   |  1- 3 |  4- 6 |  7- 9 | 10-12 || total
-------------------------+-------+-------+-------+-------++-------
Melee: War axe           |    79 |   164 |   233 |    52 ||   528
       Battleaxe         |       |       |       |    59 ||    59
Invok: Heroism           |       |       |       |     1 ||     1
Evoke: Wand              |       |     2 |       |       ||     2
  Use: Potion            |       |       |     2 |       ||     2
  Eat: Chunk             |       |     6 |     9 |     4 ||    19
Armor: Scale mail        |    35 |    59 |    50 |    26 ||   170
       Ring mail         |       |     3 |    29 |       ||    32
Dodge: Dodged            |    31 |    70 |    70 |    57 ||   228
Block: Shield            |    46 |   107 |   132 |    68 ||   353
